 Dungeon Crawl Stone Soup version 0.29-a0-459-g97dee8cd24 (webtiles) character file.

Game seed: 17746463056960113669

509 jfcaron the Charlatan (level 7, -1/52 HPs)
             Began as a Gnoll Artificer on May 20, 2022.
             Was a Plaything of Xom.
             Succumbed to an orc's poison
             ... on level 4 of the Dungeon.
             The game lasted 00:11:02 (5841 turns).

jfcaron the Charlatan (Gnoll Artificer)             Turns: 5841, Time: 00:11:02

Health: -1/52      AC:  9    Str: 13 (14) XL:     7   Next: 19%
Magic:  10/10      EV: 10    Int:  8 (10) God:    Xom [...*..]
Gold:   225        SH:  0    Dex: 10 (12) Spells: 10/10 levels left

rFire   . . .      SeeInvis +   B - +0 scythe (venom)
rCold   . . .      Faith    .   (shield currently unavailable)
rNeg    . . .      Spirit   .   v - +0 scale mail
rPois   .          Reflect  .   D - +0 helmet
rElec   .          Harm     .   (no cloak)
rCorr   .          Rampage  .   x - +0 pair of gloves
Will    .....                   (no boots)
Stlth   +.........              (no amulet)
HPRegen 0.17/turn               h - ring of see invisible
MPRegen 0.12/turn               (no ring)

@: brilliant, lethally poisoned (-1 -> -22)
A: fangs 1, strong nose, distributed training, talons 1
a: Renounce Religion


You were on level 4 of the Dungeon.
You worshipped Xom.
You were a favourite toy of Xom.
You visited 1 branch of the dungeon, and saw 5 of its levels.

You collected 225 gold pieces.

Inventory:

Hand Weapons
 a - a +0 club
 b - the +2 spear of the Exiled Mouths {chaos, +Blink rElec Will-}
   (You found it on level 3 of the Dungeon)

   Each time it hits an enemy it has a different, random effect.
   rElec:     It insulates you from electricity.
   +Blink:    It lets you blink.
   Will:      It decreases your willpower.
 f - a +0 whip
 i - a +0 dagger
 w - a +0 war axe
 B - a +0 scythe of venom (weapon)
Missiles
 k - 56 stones (quivered)
 m - 8 boomerangs
 t - 6 poisoned darts
Armour
 v - a +0 scale mail (worn)
 x - a +0 pair of gloves (worn)
 D - a +0 helmet (worn)
Jewellery
 h - a ring of see invisible (left hand)
Wands
 c - a wand of flame (5)
 d - a wand of charming (11)
 e - a wand of iceblast (6)
Scrolls
 g - a scroll of noise {unknown}
 j - 7 scrolls of identify {unknown}
 n - a scroll of fear {unknown}
 o - a scroll of enchant weapon {unknown}
 p - 3 scrolls of teleportation {unknown}
 y - 2 scrolls of amnesia {unknown}
 z - 3 scrolls of poison {unknown}
 H - 2 scrolls of fog {unknown}
Potions
 q - 2 potions of degeneration
 r - a potion of cancellation {unknown}
 s - a potion of resistance
 u - a potion of attraction {unknown}
 A - a potion of invisibility {unknown}
 C - a potion of curing {unknown}
 E - a potion of haste
 F - a potion of might {unknown}
 G - a potion of mutation {unknown}
Miscellaneous
 I - a phantom mirror


   Skills:
 + Level 3.5 Fighting
 + Level 2.3 Short Blades
 + Level 2.3 Long Blades
 + Level 2.3 Axes
 + Level 2.3 Maces & Flails
 + Level 2.3 Polearms
 + Level 2.3 Staves
 + Level 2.3 Slings
 + Level 2.3 Bows
 + Level 2.3 Crossbows
 + Level 2.3 Throwing
 + Level 5.1 Armour
 + Level 3.5 Dodging
 + Level 3.3 Stealth
 + Level 2.3 Shields
 + Level 2.3 Unarmed Combat
 + Level 2.3 Spellcasting
 + Level 1.9 Conjurations
 + Level 1.9 Hexes
 + Level 1.9 Summonings
 + Level 1.9 Necromancy
 + Level 1.9 Translocations
 + Level 1.9 Transmutations
 + Level 1.9 Fire Magic
 + Level 1.9 Ice Magic
 + Level 1.9 Air Magic
 + Level 1.9 Earth Magic
 + Level 1.9 Poison Magic
 + Level 2.5 Invocations
 + Level 7.0 Evocations


You had 10 spell levels left.
You didn't know any spells.
Your spell library contained the following spells:

 Spells                   Type           Power      Damage    Failure   Level
 Static Discharge         Conj/Air       6%         N/A       67%         2
 Sublimation of Blood     Necr           6%         N/A       67%         2
 Wereblood                Tmut           6%         N/A       67%         2
 Lightning Bolt           Conj/Air       3%         1d14      100%        5
 Summon Hydra             Summ           3%         N/A       100%        7
 Maxwell's Capacitive Co  Air            3%         ∞         100%        8


Dungeon Overview and Level Annotations

Branches:
Dungeon (5/15)
 Temple: D:4-7

Altars:
Ashenzari
Gozag
Vehumet
Xom

Annotations:
D:2 1 runed translucent door, Crazy Yiuf
D:4 3 runed translucent doors (ice-themed ghost vault), bwicke's ghost, amateur OpVM


Innate Abilities, Weirdness & Mutations

You have very sharp teeth.
Your uncanny sense of smell can sniff out nearby items.
Your experience applies equally to all skills.
You have sharp toenails.


Message History

You start resting.
HP restored.
You climb downwards.
The orc hits you but does no damage.
The orc hits you with a +2 mace of venom.
You are poisoned.
The orc priest mumbles some strange prayers to Beogh against you.
Beogh smites you! The worm closely misses you.
The orc hits you from afar with a +0 trident.
The adder hisses angrily.
There is a stone staircase leading up, spattered with blood here.
You feel very sick.
The orc hits you from afar with a +0 trident.
The orc priest calls down the wrath of Beogh upon you.
Beogh smites you!
* * * LOW HITPOINT WARNING * * *
The orc hits you but does no damage. The worm closely misses you.
You climb upwards.
Level annotation: 3 runed translucent doors (ice-themed ghost vault), bwicke's ghost, amateur OpVM You feel sick.
There is a stone staircase leading down here.
Press: ? - help, v - describe, . - travel
Here: an orc, wielding a +2 mace of venom and wearing a +0 ring mail The floor.
Unknown command.
It was a potion of degeneration.
There was something very wrong with that liquid.
You feel weakened.
You feel dopey.
You feel clumsy.
Xom is amused.
You feel sick. The orc hits you but does no damage.
You are lethally poisoned!
The orc attacks as you move away! The orc hits you but does no damage.
You are more poisoned.
* * * LOW HITPOINT WARNING * * *
You feel very sick. The worm bites you but does no damage.
Unknown command.
It was a potion of brilliance.
You feel clever all of a sudden.
You die...
Xom snickers!

.##.#####.######
...............###
.................#
....#####.####.#.# ....# #.#
#.#.# ...## #.####.#.# ...#
#.#....#.# ...##
#.#.####.############# ....#
#.#.# ##@.[..........#
....#####.#.###ow.##########.#
..............[...# #.#
.............##...# #.#
#.########...##.#.## #># #.#
#..<...###.# #.# #.#
#####...##.#..# #.# #.#
#<......###.#.# #.# ..##
#.####..# #.#.# #.#


You could see a worm and an orc.

Vanquished Creatures
  Sigmund (D:3)
  A hound (D:4)
  4 iguanas (D:4)
  Robin (D:3)
  A gnoll (D:4)
  8 adders
  3 worms
  2 dart slugs
  10 orcs
  5 ball pythons
  8 endoplasms
  A giant cockroach (D:3)
  16 goblins
  11 hobgoblins
  2 jackals (D:4)
  2 quokkas
  13 bats
  5 frilled lizards
  7 kobolds
  8 rats
  7 fungi (D:3)
  2 plants (D:3)
118 creatures vanquished.

Notes
Turn   | Place    | Note
-------+----------+-------------------------------------------
     0 | D:1      | jfcaron the Gnoll Artificer began the quest for the Orb.
     0 | D:1      | Reached XP level 1. HP: 17/17 MP: 1/1
   501 | D:1      | Reached XP level 2. HP: 17/23 MP: 2/2
  1546 | D:2      | Reached XP level 3. HP: 24/28 MP: 3/3
  1907 | D:2      | Reached skill level 1 in Invocations
  2164 | D:2      | Reached skill level 1 in Short Blades
  2164 | D:2      | Reached skill level 1 in Long Blades
  2164 | D:2      | Reached skill level 1 in Axes
  2164 | D:2      | Reached skill level 1 in Maces & Flails
  2164 | D:2      | Reached skill level 1 in Polearms
  2164 | D:2      | Reached skill level 1 in Staves
  2164 | D:2      | Reached skill level 1 in Slings
  2164 | D:2      | Reached skill level 1 in Bows
  2164 | D:2      | Reached skill level 1 in Crossbows
  2164 | D:2      | Reached skill level 1 in Throwing
  2164 | D:2      | Reached skill level 1 in Shields
  2164 | D:2      | Reached skill level 1 in Unarmed Combat
  2164 | D:2      | Reached skill level 1 in Spellcasting
  2324 | D:2      | Reached XP level 4. HP: 34/34 MP: 5/5
  3162 | D:2      | Found a runed translucent door.
  3163 | D:2      | Noticed Crazy Yiuf
  3382 | D:3      | Noticed Sigmund
  3404 | D:3      | Killed Sigmund
  3405 | D:3      | Reached skill level 1 in Conjurations
  3405 | D:3      | Reached skill level 1 in Hexes
  3405 | D:3      | Reached skill level 1 in Summonings
  3405 | D:3      | Reached skill level 1 in Necromancy
  3405 | D:3      | Reached skill level 1 in Translocations
  3405 | D:3      | Reached skill level 1 in Transmutations
  3405 | D:3      | Reached skill level 1 in Fire Magic
  3405 | D:3      | Reached skill level 1 in Ice Magic
  3405 | D:3      | Reached skill level 1 in Air Magic
  3405 | D:3      | Reached skill level 1 in Earth Magic
  3405 | D:3      | Reached skill level 1 in Poison Magic
  3405 | D:3      | Reached XP level 5. HP: 27/41 MP: 5/7
  3405 | D:3      | Reached XP level 6. HP: 31/47 MP: 5/8
  3630 | D:3      | Identified the +2 spear of the Exiled Mouths {chaos, +Blink
                  | rElec Will-}
  3652 | D:3      | Found a faded altar of an unknown god.
  3769 | D:3      | Found a shimmering altar of Xom.
  3822 | D:3      | Became a worshipper of Xom of Chaos
  3835 | D:3      | XOM: divination: detect creatures
  3909 | D:3      | Noticed Robin
  3937 | D:3      | Reached skill level 5 in Armour
  3944 | D:3      | XOM: silly message
  4043 | D:3      | Killed Robin
  4173 | D:3      | Found an opulent altar of Gozag.
  4178 | D:3      | Found a broken altar of Ashenzari.
  4549 | D:4      | Found a radiant altar of Vehumet.
  4706 | D:4      | Reached XP level 7. HP: 33/52 MP: 10/10
  4896 | D:4      | XOM: divination: detect items
  4958 | D:4      | Found a runed translucent gate.
  4958 | D:4      | Found a runed translucent gate.
  4958 | D:4      | Found a runed translucent gate.
  5162 | D:4      | XOM: cloud trail
  5386 | D:4      | Noticed bwicke's ghost (amateur OpVM)
  5389 | D:4      | XOM is BORED!
  5389 | D:4      | XOM: noise
  5512 | D:4      | XOM: give mutations
  5512 | D:4      | Gained mutation: You have sharp toenails. [Xom's grace]
  5512 | D:4      | Lost mutation: You have sharp toenails. [Xom's grace]
  5512 | D:4      | Gained mutation: You have large cloven feet. [Xom's grace]
  5512 | D:4      | Lost mutation: You have large cloven feet. [Xom's grace]
  5512 | D:4      | Gained mutation: You have sharp toenails. [Xom's grace]
  5600 | D:4      | XOM: god gift: phantom mirror
  5661 | D:5      | Entered Level 5 of the Dungeon
  5671 | D:4      | Reached skill level 7 in Evocations
  5838 | D:4      | HP: 10/52 [poisoned by an orc]
  5840 | D:4      | HP: 4/52 [poisoned by an orc]
  5841 | D:4      | Succumbed to an orc's poison

Illustrated notes

Levels and vault maps discovered:
D:1:      arrival_zaba_pyramid, layout_basic
D:2:      layout_rooms, minmay_pentomino_w4, uniq_crazy_yiuf_cottage
D:3:      layout_rooms, lemuel_doored_altar, mainiacjoe_overflow_big_doors,
          shapermc_ecumenical_altar_acropolis, feat_on_display, uniq_robin,
          uniq_sigmund
D:4:      layout_loops_ring, mainiacjoe_overflow_surrounded_room,
          gammafunk_ghost_icy, minmay_bisected
D:5:      layout_cave_pools, mainiacjoe_overflow_chevrons,
          amethyst_overflow_temple_binary, minmay_temple_entry_waves

Skill      XL: |  1  2  3  4  5  6  7 |
---------------+----------------------+-----
Invocations    | 1 2 |  2.5
Short Blades   | 1 2 |  2.3
Long Blades    | 1 2 |  2.3
Axes           | 1 2 |  2.3
Maces & Flails | 1 2 |  2.3
Polearms       | 1 2 |  2.3
Staves         | 1 2 |  2.3
Slings         | 1 2 |  2.3
Bows           | 1 2 |  2.3
Crossbows      | 1 2 |  2.3
Throwing       | 1 2 |  2.3
Shields        | 1 2 |  2.3
Unarmed Combat | 1 2 |  2.3
Spellcasting   | 1 2 |  2.3
Fighting       | 3 |  3.5
Dodging        | 3 |  3.5
Stealth        | 3 |  3.3
Conjurations   | 1 |  1.9
Hexes          | 1 |  1.9
Summonings     | 1 |  1.9
Necromancy     | 1 |  1.9
Translocations | 1 |  1.9
Transmutations | 1 |  1.9
Fire Magic     | 1 |  1.9
Ice Magic      | 1 |  1.9
Air Magic      | 1 |  1.9
Earth Magic    | 1 |  1.9
Poison Magic   | 1 |  1.9
Armour         | 5 |  5.1
Evocations     | 7 |  7.0

Action                   |  1- 3 |  4- 6 |  7- 9 || total
-------------------------+-------+-------+-------++-------
Melee: Dagger            |   126 |    68 |       ||   194
       Whip              |    24 |       |       ||    24
       Club              |     8 |       |       ||     8
       Bite              |     8 |    12 |     2 ||    22
       War axe           |       |    14 |       ||    14
       Punch             |       |     2 |       ||     2
       Scythe            |       |   108 |    24 ||   132
       Kick              |       |       |     1 ||     1
Throw: Stone             |    26 |   105 |    10 ||   141
Evoke: Wand              |     8 |     9 |       ||    17
  Use: Potion            |       |       |     2 ||     2
 Stab: Sleeping          |     4 |       |       ||     4
Armor: Leather armour    |    65 |     9 |       ||    74
       Ring mail         |       |     3 |       ||     3
       Scale mail        |       |   107 |    13 ||   120
Dodge: Dodged            |   134 |   146 |    22 ||   302

Table legend: (Time is in decaauts)
 A = Elapsed time spent in this place.
 B = Non-inter-level travel time spent in this place.
 C = Inter-level travel time spent in this place.
 D = Time resting spent in this place.
 E = Time spent auto-exploring this place.
 F = Levels seen in this place.
 G = Mean time per level.
                   A        B        C        D        E       F      G
               +--------+--------+--------+--------+--------+-----+--------+
         Total |   5966 |   5756 |    210 |   2024 |   2568 |   5 | 1193.2 |
       Dungeon |   5966 |   5756 |    210 |   2024 |   2568 |   5 | 1193.2 |
               +--------+--------+--------+--------+--------+-----+--------+

Top non-repeatable levels by time:
     D:2: 1632 daAuts
     D:4: 1581 daAuts
     D:1: 1552 daAuts
     D:3: 1190 daAuts
     D:5: 9 daAuts
